Map: Sueño eterno EE

Players

MrFercho

  • Race: Zerg Zerg
  • League: Silver
  • Spawn Location: 7:00

cdnninja - Winner!

  • Race: Terran Terran
  • Spawn Location: 1:00

VOD

Have the link to the VOD?

Description

Time

  • Played on: May 3, 2020, 9:50 p.m.
  • Length: 7:08
Show
View Real Time Build Order
Export as new Build Order

MrFercho Zerg 

Build Orders:  

Get SALT Encoding   

  12  0:13  Drone  
  13  0:24  Drone  
  14  5:51  Overlord  
  14  6:15  Drone x2  
Show
View Real Time Build Order
Export as new Build Order

cdnninja Terran - Winner!

Build Orders: Command Center First (CC) 

Get SALT Encoding   

  12  0:16  SCV  
  13  0:28  SCV  
  14  0:41  SCV  
  15  0:50  Command Center  
  15  1:12  Supply Depot  
  15  1:19  Refinery  
  11  1:39  Barracks  
  3  2:05  SCV  
  4  2:18  SCV  
  5  2:26  Marine  
  6  2:30  SCV  
  7  2:42  SCV  
  8  2:46  Marine  
  9  2:59  SCV  
  9  3:03  Marine  
  11  3:09  SCV  
  12  3:15  SCV  
  13  3:29  SCV  
  13  3:31  Marine  
  14  3:41  SCV  
  15  3:53  SCV  
  15  3:54  Marine  
  17  4:05  SCV  
  18  4:12  Marine  
  19  4:18  SCV  
  19  4:24  Factory  
  20  4:30  SCV  
  21  4:32  Marine  
  22  4:42  SCV  
  23  4:49  Marine  
  24  4:54  SCV  
  25  5:07  SCV  
  26  5:09  Factory Tech Lab  
  26  5:10  Marine  
  27  5:26  Command Center  
  27  5:32  SCV  
  28  5:44  Barracks Reactor, SCV  
  29  5:57  Engineering Bay  
  29  5:58  Orbital Command  
  29  6:10  Siege Tank  
  32  6:26  Marine x2  
  32  6:29  SCV  
  32  6:31  Refinery  
  35  6:40  SCV  
  35  6:41  SCV  
Tags
 
Add a new tag
Caveats
  • Supply blocks, unpowered buildings, or Contaminate may cause inaccurate times.
  • Supply counts are checked every 10 seconds.